Map: Bel'Shir Vestige LE (Void)

Players

Contrajoe - Winner!

  • Race: Terran Terran
  • League: Gold
  • Spawn Location: 5:00

TerminateU

  • Race: Terran Terran
  • League: Gold
  • Spawn Location: 11:00

VOD

Have the link to the VOD?

Description

One of the replays where I tried to follow Ketroc's style of ravens
High Silver / Low Gold

Time

  • Played on: April 30, 2017, 9:27 a.m.
  • Length: 14:06
Show
View Real Time Build Order
Export as new Build Order

Contrajoe Terran - Winner!

Build Orders:  

Get SALT Encoding   

  12  0:01  SCV  
  13  0:17  Supply Depot  
  13  0:18  SCV  
  14  0:53  Command Center  
  14  0:58  SCV  
  15  1:17  SCV  
  15  1:18  Engineering Bay  
  16  1:21  Refinery  
  16  1:22  Refinery  
  16  1:30  SCV  
  17  1:42  SCV  
  19  1:54  SCV  
  19  2:06  SCV  
  19  2:07  Barracks  
  20  2:08  SCV  
  21  2:18  SCV  
  21  2:21  SCV  
  23  2:36  Planetary Fortress  
  23  2:49  Missile Turret  
  23  2:58  Missile Turret  
  23  3:04  Command Center  
  23  3:12  SCV  
  24  3:16  Marine  
  24  3:19  SCV  
  26  3:34  Factory  
  26  3:39  Barracks Reactor  
  26  3:43  Missile Turret  
  26  3:52  SCV x2  
  28  3:59  Hi-Sec Auto Tracking  
  28  4:19  Refinery  
  28  4:21  Starport, Factory Tech Lab  
  28  4:23  Orbital Command  
  28  4:24  Starport  
  28  4:29  SCV  
  29  4:31  SCV  
  30  4:42  Marine x2  
  30  4:44  Siege Tank  
  35  4:49  SCV x2  
  35  4:50  SCV  
  38  5:02  Missile Turret  
  38  5:03  SCV  
  39  5:07  SCV  
  39  5:12  Starport Tech Lab x2  
  40  5:14  Marine x2  
  40  5:18  Building Armor  
  42  5:39  Corvid Reactor  
  42  5:41  Raven  
  44  5:46  Refinery  
  44  5:47  Refinery  
  44  5:48  SCV  
  44  5:49  Refinery, SCV x2  
  47  6:00  SCV  
  47  6:01  SCV x2  
  47  6:02  Raven  
  50  6:21  SCV  
  51  6:29  Supply Depot x3  
  51  6:32  Siege Tank  
  45  7:09  SCV x3  
  48  7:21  SCV x3  
  51  7:25  Command Center  
  51  7:26  Missile Turret  
  51  7:33  SCV x3  
  54  7:45  SCV x3  
  54  7:47  Refinery  
  54  7:50  Raven x2  
  56  8:38  Raven  
  56  8:39  Marine x2, Raven  
  56  8:40  Siege Tank  
  65  8:41  Refinery  
  65  8:44  SCV x3  
  65  8:48  Planetary Fortress  
  68  8:53  Missile Turret  
  68  8:56  SCV x2  
  68  8:58  Marine x2  
  68  9:00  Terran Infantry Weapons Level 1  
  72  9:04  Armory  
  72  9:21  Missile Turret  
  72  9:24  Missile Turret  
  62  9:55  Raven x2  
  62  9:56  Siege Tank  
  62  9:57  Marine x2  
  62  9:58  Terran Vehicle Weapons Level 1  
  71  10:01  Missile Turret  
  71  10:03  Missile Turret  
  71  10:04  Missile Turret  
  71  10:05  SCV x4  
  75  10:14  Command Center  
  75  10:16  Missile Turret  
  75  10:17  SCV x2  
  75  10:18  Missile Turret  
  77  10:21  Missile Turret  
  77  10:45  Starport  
  77  10:47  Siege Tank, Starport  
  77  10:48  Marine x2  
  82  10:52  Planetary Fortress  
  82  10:59  SCV x3  
  85  11:11  SCV  
  82  12:08  Starport Tech Lab x2  
  82  12:09  Raven  
  82  12:10  Raven  
  84  12:38  SCV  
  85  12:50  SCV  
  86  13:00  Command Center  
  86  13:04  Command Center x2, Raven x2  
  86  13:05  Raven  
  90  13:06  Missile Turret, Raven  
  90  13:08  Missile Turret x3  
  90  13:11  Refinery  
  89  13:45  Marine x2  
Show
View Real Time Build Order
Export as new Build Order

TerminateU Terran 

Build Orders:  

Get SALT Encoding   

  12  0:03  SCV  
  13  0:15  SCV  
  13  0:19  Supply Depot  
  14  0:27  SCV  
  15  0:40  SCV  
  15  0:41  Barracks  
  16  0:52  Barracks  
  16  0:55  SCV  
  17  1:02  Refinery  
  17  1:07  SCV  
  18  1:14  Supply Depot  
  18  1:19  SCV  
  19  1:31  Refinery  
  19  1:34  SCV, Marine  
  21  1:46  Marine  
  22  1:49  Orbital Command  
  22  1:53  Marine  
  23  2:08  Factory  
  23  2:14  Marine x2  
  25  2:17  SCV  
  25  2:22  Supply Depot  
  26  2:32  Engineering Bay  
  26  2:37  Barracks Reactor  
  26  2:46  Supply Depot  
  26  2:51  Barracks Tech Lab  
  26  2:57  Factory Tech Lab  
  26  3:03  SCV  
  27  3:10  Starport  
  27  3:14  Marauder  
  27  3:15  Concussive Shells  
  27  3:16  Marine x2  
  31  3:27  SCV  
  31  3:31  Terran Infantry Weapons Level 1  
  32  3:39  Missile Turret  
  32  3:42  Marine x2  
  34  3:51  Starport Tech Lab  
  34  3:54  Marauder  
  36  3:56  SCV  
  36  4:00  Siege Tank  
  40  4:03  Marine x2  
  42  4:11  Supply Depot  
  42  4:19  Medivac  
  42  4:22  SCV  
  45  4:25  Marauder  
  47  4:32  Marine x2  
  47  4:34  Supply Depot x2  
  49  4:46  Siege Tank  
  49  4:51  SCV  
  53  5:03  SCV  
  54  5:08  Marauder  
  54  5:09  Marine x2  
  54  5:13  Medivac  
  60  5:24  Supply Depot  
  60  5:26  Barracks  
  60  5:28  Terran Infantry Armor Level 1  
  60  6:12  Siege Tank  
  60  6:13  Marine x3  
  60  6:14  Marauder  
  68  6:31  Marine  
  52  7:00  Marine x2  
  52  7:01  Marine, Marauder  
  41  7:18  Marine x3  
  41  7:21  Marine  
  41  7:22  Siege Tank  
  48  7:36  Liberator, Marine x3  
  52  7:37  SCV  
  52  7:40  Marauder  
  52  7:54  Marine x3  
  58  8:01  Marauder  
  60  8:11  Marine  
  57  8:19  Liberator  
  52  8:30  Marine  
  52  8:31  Marine x2, Marauder  
  57  8:35  Siege Tank  
  57  8:39  SCV  
  64  8:48  Marine x3  
  64  8:52  Marine  
  64  8:53  Command Center  
  68  9:01  Liberator  
  53  9:37  SCV  
  46  9:39  Marine  
  46  9:40  Marine x2  
  47  9:51  Marine  
  45  9:57  Marine x2  
  45  9:58  Marine  
  47  10:01  Viking  
  49  10:09  Marine  
  50  10:15  Marine x3  
  53  10:26  SCV x2  
  53  10:27  Marine  
  56  10:37  Marine x3  
  59  10:45  Marine  
  59  10:47  Siege Tank  
  63  10:55  Marine x2  
  65  10:58  Starport  
  65  11:01  Viking  
  67  11:11  Marine, Marauder  
  67  11:12  Marine  
  67  11:13  Marine  
  72  11:19  Siege Tank  
  65  11:29  Marine  
  65  11:30  Marine  
  65  11:31  Marine  
  40  12:02  Viking x2  
  44  12:29  Marine  
  45  12:30  Marine  
  46  12:52  Marine  
Tags
 
Add a new tag
Caveats
  • Supply blocks, unpowered buildings, or Contaminate may cause inaccurate times.
  • Supply counts are checked every 10 seconds.